Diables vs Staline
Created - November 24, 2018 at 19:47
Goals
|
| Diables |
1 |
3 |
2 |
1 |
7 |
| Staline |
3 |
3 |
0 |
0 |
6 |
|
Shots
|
| Diables |
7 |
16 |
10 |
1 |
34 |
| Staline |
17 |
5 |
6 |
1 |
29 |
|
1st period
1. Staline , Lars Eller 7 (Andrey Pedan 3) at 11:19
2. Staline , Danny Kristo 9 (Marek Zagrapan 6) at 12:46
3. Staline , Nick Spaling 9 (Tyler Pitlick 11, Alex Petrovic 6) at 13:59
4. Diables , Craig Smith 9 (Nick Bjugstad 18) at 17:01 (PP)
Penalties :
Alex Petrovic (StJ) for Tripping (Minor) at 16:51
2nd period
5. Staline , Corey Trivino 8 (Jordan Szwarz 7, Bryan Bickell 9) at 1:52
6. Diables , Craig Smith 10 (Nick Bjugstad 19, Carl Gunnarsson 11) at 4:31
7. Diables , Nick Bjugstad 10 (Craig Smith 17, Michal Repik 5) at 5:34
8. Staline , Danny Kristo 10 (Jiri Sekac 6, Tyler Pitlick 12) at 7:12
9. Staline , Nick Spaling 10 (Jiri Sekac 7, Corey Trivino 11) at 11:15
10. Diables , Tim Schaller 9 (Jordan Caron 10, Brandon Burlon 6) at 13:43
Penalties :
Nick Spaling (StJ) for Hooking (Minor) at 8:51, Brandon Burlon (Alm) for Hooking (Minor) at 14:35
3rd period
11. Diables , Tim Schaller 10 (Jordan Caron 11) at 2:20
12. Diables , Nick Bjugstad 11 (Craig Smith 18) at 3:11
Penalties :
Lars Eller (StJ) for Holding (Minor) at 3:37, Pavel Valentenko (Alm) for Tripping (Minor) at 16:31
Overtime #1
13. Diables , Artturi Lehkonen 1 (Daniel Zaar 4) at 4:12
Penalties :
No Penalty
Goalie Stats
Malcolm Subban (Alm), 14 saves from 18 shots - (0.778), 21:52 minutes
Garret Sparks (Alm), 9 saves from 11 shots - (0.818), W, 3-3-0, 42:20 minutes
Joni Ortio (StJ), 27 saves from 34 shots - (0.794), OTL, 8-1-1, 64:12 minutes
Players Stats for Diables
Player Name G A P +/- PIM S H SB GA TA FO MP PP MP PK MP
------------------------------------------------------------------------------------
Artturi Lehkonen 1 0 1 0 0 1 2 0 0 0 0/0 11:29 2:11 0:00
Brandon Burlon 0 1 1 1 2 2 1 0 1 2 0/0 26:16 2:44 0:59
Brian Dumoulin 0 0 0 -2 0 1 2 0 0 0 0/0 19:07 1:24 1:43
Carl Gunnarsson 0 1 1 1 0 1 2 2 0 2 0/0 26:35 2:44 2:15
Chris Bigras 0 0 0 0 0 0 0 0 0 0 0/0 7:07 0:00 0:00
Christian Thomas 0 0 0 0 0 0 0 0 0 0 0/0 9:11 0:00 0:00
Craig Smith 2 2 4 1 0 5 1 0 0 0 0/2 24:40 2:07 1:57
Daniel Zaar 0 1 1 0 0 2 0 0 0 0 0/0 10:40 0:18 0:00
Elias Lindholm 0 0 0 -1 0 1 0 0 0 0 0/1 8:50 0:00 0:00
Jamie Oleksiak 0 0 0 1 0 0 1 0 0 1 0/0 12:06 0:00 0:45
Jeff Petry 0 0 0 -2 0 1 0 1 1 1 0/0 19:07 1:24 1:43
Jordan Caron 0 2 2 -1 0 1 1 0 0 0 2/2 15:54 1:50 0:00
Keith Seabrook 0 0 0 0 0 0 0 0 0 0 0/0 7:38 0:00 0:31
Louis Leblanc 0 0 0 0 0 0 1 0 0 0 3/4 9:03 0:00 0:06
Michal Repik 0 1 1 1 0 3 1 0 0 0 1/5 21:45 0:00 1:57
Mikko Lehtonen 0 0 0 0 0 0 0 0 0 0 0/1 12:07 0:11 1:01
Nick Bjugstad 2 2 4 1 0 11 3 0 0 0 15/33 22:59 2:07 0:54
Pavel Valentenko 0 0 0 1 2 0 1 0 0 2 0/0 11:47 0:00 0:00
Taylor Beck 0 0 0 -1 0 2 4 0 2 0 0/1 17:44 1:50 1:07
Tim Schaller 2 0 2 -1 0 3 1 2 1 0 7/14 18:43 1:50 0:54
Players Stats for Staline
Player Name G A P +/- PIM S H SB GA TA FO MP PP MP PK MP
------------------------------------------------------------------------------------
Alex Petrovic 0 1 1 -2 2 1 0 3 1 0 0/0 28:48 2:26 2:16
Andrey Pedan 0 1 1 2 0 0 2 0 0 1 0/0 12:54 0:00 0:00
Barclay Goodrow 0 0 0 0 0 0 3 0 0 0 0/0 9:48 0:13 0:00
Bryan Bickell 0 1 1 0 0 2 3 1 0 1 2/2 18:34 1:44 1:20
Cameron Gaunce 0 0 0 -2 0 0 3 2 0 1 0/0 28:59 2:26 2:26
Charles Hudon 0 0 0 0 0 0 1 0 1 0 0/0 9:03 0:00 0:00
Corey Trivino 1 1 2 1 0 2 0 2 0 0 9/21 18:05 1:44 2:19
Danny Kristo 2 0 2 -2 0 4 1 0 0 0 2/3 15:13 0:00 1:26
Jiri Sekac 0 2 2 0 0 0 3 0 1 0 1/1 13:34 0:13 0:40
Jordan Szwarz 0 1 1 -4 0 3 0 1 1 0 0/1 20:47 1:44 0:00
Lars Eller 1 0 1 1 2 5 2 0 1 0 16/27 20:38 2:01 0:00
Marek Zagrapan 0 1 1 1 0 0 2 0 0 0 1/3 4:24 0:00 0:00
Mike Reilly 0 0 0 4 0 1 1 1 0 0 0/0 18:14 1:32 1:42
Nick Spaling 2 0 2 2 2 3 1 0 0 1 0/0 20:22 2:01 1:07
Peter Holland 0 0 0 1 0 2 3 0 3 0 2/3 14:18 0:13 0:47
Philip Larsen 0 0 0 -2 0 6 1 0 0 0 0/0 17:09 0:00 0:10
Tyler Pitlick 0 2 2 1 0 0 0 0 0 0 2/2 19:28 2:01 0:37
Viktor Loov 0 0 0 0 0 0 0 1 0 1 0/0 22:19 1:32 1:42
3 Stars
1 - Nick Bjugstad (Alm)
2 - Craig Smith (Alm)
3 - Nick Spaling (StJ)
Power Play
Diables - 1 on 3 Attempt(s) - 33.33%
Staline - 0 on 2 Attempt(s) - 0.00%
Penalty Kill
Diables - 2 on 2 Attempt(s) - 100.00%
- Score 0 goal in Penalty Kill
Staline - 2 on 3 Attempt(s) - 66.67%
- Score 0 goal in Penalty Kill
Team Stat
Diables - Hits : 21 - Faceoff Wins : 28 - Blocked Shots : 5 - Penalty Minutes : 4
Staline - Hits : 26 - Faceoff Wins : 35 - Blocked Shots : 11 - Penalty Minutes : 6
Official
Referees : Unknown
Linesman : Unknown
Game Notes
Garret Sparks enters game at 1:52 of 2nd period
Marek Zagrapan is injured at 3:45 of 2nd period (Upper Body)
Finance
Level 1 -- Attendance: 1395 (69.75%) -- Ticket Income $48,825
Level 2 -- Attendance: 810 (81.00%) -- Ticket Income $12,150
Total Attendance: 2205 (73.50%)
Total Ticket Income: $60,975
Other Income: $3,049
Total Income: $64,024
Diables
5 vs 5 Forward
Center Left Wing Right Wing Time % Phy DF OF
1 Nick Bjugstad Michal Repik Craig Smith 40 1 2 2
2 Tim Schaller Taylor Beck Jordan Caron 30 1 2 2
3 Louis Leblanc Christian Thomas Mikko Lehtonen 20 1 2 2
4 Elias Lindholm Artturi Lehkonen Daniel Zaar 10 1 2 2
5 vs 5 Defense
Defense Defense Time % Phy DF OF
1 Carl Gunnarsson Brandon Burlon 40 1 2 2
2 Brian Dumoulin Jeff Petry 30 1 2 2
3 Pavel Valentenko Jamie Oleksiak 20 1 2 2
4 Keith Seabrook Chris Bigras 10 1 2 2
PowerPlay Forward
Center Left Wing Right Wing Time % Phy DF OF
1 Nick Bjugstad Artturi Lehkonen Craig Smith 60 1 2 2
2 Tim Schaller Taylor Beck Jordan Caron 40 1 2 2
PowerPlay Defense
Defense Defense Time % Phy DF OF
1 Carl Gunnarsson Brandon Burlon 60 1 2 2
2 Brian Dumoulin Jeff Petry 40 1 2 2
Penalty Kill 4 Players Forward
Center Wing Time % Phy DF OF
1 Michal Repik Craig Smith 60 1 2 2
2 Nick Bjugstad Tim Schaller 40 1 2 2
Penalty Kill 4 Players Defense
Defense Defense Time % Phy DF OF
1 Carl Gunnarsson Brandon Burlon 60 1 2 2
2 Brian Dumoulin Jeff Petry 40 1 2 2
Penalty Kill - 3 Players Forward
Forward Time % Phy DF OF
1 Michal Repik 60 1 2 2
2 Craig Smith 40 1 2 2
Penalty Kill - 3 Players Defense
Defense Defense Time % Phy DF OF
1 Carl Gunnarsson Brandon Burlon 60 1 2 2
2 Brian Dumoulin Jeff Petry 40 1 2 2
4 vs 4 Forward
Center Wing Time % Phy DF OF
1 Tim Schaller Craig Smith 60 1 2 2
2 Nick Bjugstad Michal Repik 40 1 2 2
4 vs 4 Defense
Defense Defense Time % Phy DF OF
1 Carl Gunnarsson Brandon Burlon 60 1 2 2
2 Brian Dumoulin Jeff Petry 40 1 2 2
Last Minutes Offensive
Center Left Wing Right Wing Defense Defense
Nick Bjugstad Taylor Beck Craig Smith Carl Gunnarsson Brandon Burlon
Last Minutes Defensive
Center Left Wing Right Wing Defense Defense
Nick Bjugstad Taylor Beck Craig Smith Carl Gunnarsson Brandon Burlon
Goaltenders
Starting : Malcolm Subban
Backup : Garret Sparks
Extra Forwards
Normal : Daniel Zaar, Mikko Lehtonen, Artturi Lehkonen - PP : Daniel Zaar, Mikko Lehtonen - PK : Mikko Lehtonen
Extra Defensemen
Normal : Pavel Valentenko, Jamie Oleksiak, Keith Seabrook - PP : Pavel Valentenko - PK : Jamie Oleksiak, Keith Seabrook
Penalty Shots
Daniel Zaar, Craig Smith, Nick Bjugstad, Tim Schaller, Jordan Caron
Scratches
Brandon Prust (Sprained Left Ankle Injury), Stephen Harper (Healthy), Emil Djuse (Healthy), Gemel Smith (Healthy), Matt Lindblad (Healthy)
Cole Cassels (Healthy), Jeremy Gregoire (Healthy), Scott Harrington (Healthy), Mark Fraser (Fractured Left Foot Injury), Connor Hurley (Healthy)
Gustav Olofsson (Healthy), Andreas Johnsson (Healthy), Brett Ritchie (Healthy), Andrew O'Brien (Healthy), Marc-André Bourdon (Healthy)
Linus Ullmark (Healthy), Jack Campbell (Healthy)
Staline
5 vs 5 Forward
Center Left Wing Right Wing Time % Phy DF OF
1 Lars Eller Nick Spaling Tyler Pitlick 40 0 2 3
2 Corey Trivino Bryan Bickell Jordan Szwarz 30 0 2 3
3 Marek Zagrapan Jiri Sekac Danny Kristo 20 0 2 3
4 Peter Holland Charles Hudon Barclay Goodrow 10 1 3 1
5 vs 5 Defense
Defense Defense Time % Phy DF OF
1 Cameron Gaunce Alex Petrovic 40 0 3 2
2 Viktor Loov Philip Larsen 30 0 3 2
3 Andrey Pedan Mike Reilly 20 0 3 2
4 Cameron Gaunce Alex Petrovic 10 0 3 2
PowerPlay Forward
Center Left Wing Right Wing Time % Phy DF OF
1 Lars Eller Nick Spaling Tyler Pitlick 60 0 1 4
2 Corey Trivino Bryan Bickell Jordan Szwarz 40 0 1 4
PowerPlay Defense
Defense Defense Time % Phy DF OF
1 Cameron Gaunce Alex Petrovic 60 0 1 4
2 Viktor Loov Mike Reilly 40 0 1 4
Penalty Kill 4 Players Forward
Center Wing Time % Phy DF OF
1 Corey Trivino Nick Spaling 60 1 3 1
2 Lars Eller Tyler Pitlick 40 1 3 1
Penalty Kill 4 Players Defense
Defense Defense Time % Phy DF OF
1 Cameron Gaunce Alex Petrovic 60 1 3 1
2 Viktor Loov Mike Reilly 40 1 3 1
Penalty Kill - 3 Players Forward
Forward Time % Phy DF OF
1 Peter Holland 60 0 5 0
2 Lars Eller 40 0 5 0
Penalty Kill - 3 Players Defense
Defense Defense Time % Phy DF OF
1 Cameron Gaunce Alex Petrovic 60 0 5 0
2 Viktor Loov Mike Reilly 40 0 5 0
4 vs 4 Forward
Center Wing Time % Phy DF OF
1 Marek Zagrapan Jordan Szwarz 60 0 2 3
2 Lars Eller Tyler Pitlick 40 0 2 3
4 vs 4 Defense
Defense Defense Time % Phy DF OF
1 Cameron Gaunce Alex Petrovic 60 0 2 3
2 Viktor Loov Mike Reilly 40 0 2 3
Last Minutes Offensive
Center Left Wing Right Wing Defense Defense
Lars Eller Nick Spaling Tyler Pitlick Cameron Gaunce Alex Petrovic
Last Minutes Defensive
Center Left Wing Right Wing Defense Defense
Lars Eller Nick Spaling Jordan Szwarz Cameron Gaunce Alex Petrovic
Goaltenders
Starting : Joni Ortio
Backup : Andrew Hammond
Extra Forwards
Normal : Jordan Szwarz, Marek Zagrapan, Danny Kristo - PP : Jordan Szwarz, Marek Zagrapan - PK : Danny Kristo
Extra Defensemen
Normal : Andrey Pedan, Philip Larsen, Viktor Loov - PP : Andrey Pedan - PK : Philip Larsen, Viktor Loov
Penalty Shots
Nick Spaling, Jordan Szwarz, Lars Eller, Tyler Pitlick, Danny Kristo
Scratches
Tyler Lewington (Healthy), Tobias Lindberg (Healthy), Nikita Nesterov (Healthy), Sergey Tolchinsky (Healthy), David Musil (Healthy)
Darcy Kuemper (Healthy)
% Time on Ice - Diables
Lines # - Real PCT - Wanted PCT - Time Play
Normal Forward
1 - 39% - 40% - 20:03
2 - 27% - 30% - 14:04
3 - 17% - 20% - 8:57
4 - 17% - 10% - 8:50
Normal Defense
1 - 37% - 40% - 19:22
2 - 27% - 30% - 14:16
3 - 21% - 20% - 11:09
4 - 14% - 10% - 7:07
PP Forward
1 - 56% - 60% - 2:18
2 - 44% - 40% - 1:50
PP Defense
1 - 66% - 60% - 2:44
2 - 34% - 40% - 1:24
PK Forward
1 - 77% - 60% - 3:04
2 - 23% - 40% - 0:54
PK Defense
1 - 57% - 60% - 2:15
2 - 43% - 40% - 1:43
PK3 Forward
1 - 0% - 60%
2 - 0% - 40%
PK3 Defense
1 - 0% - 60%
2 - 0% - 40%
44 Forward
1 - 69% - 60% - 2:53
2 - 31% - 40% - 1:19
44 Defense
1 - 59% - 60% - 2:28
2 - 41% - 40% - 1:44
Last Minute Offensive - 0:00
Last Minute Defensive - 0:00
Total
Forward - 64:12
Defense - 64:12
|
% Time on Ice - Staline
Lines # - Real PCT - Wanted PCT - Time Play
Normal Forward
1 - 35% - 40% - 18:05
2 - 26% - 30% - 13:27
3 - 22% - 20% - 11:19
4 - 17% - 10% - 9:03
Normal Defense
1 - 38% - 40% - 19:41
2 - 33% - 30% - 17:17
3 - 25% - 20% - 12:43
4 - 4% - 10% - 2:13
PP Forward
1 - 56% - 60% - 2:14
2 - 44% - 40% - 1:44
PP Defense
1 - 61% - 60% - 2:26
2 - 39% - 40% - 1:32
PK Forward
1 - 85% - 60% - 3:31
2 - 15% - 40% - 0:37
PK Defense
1 - 59% - 60% - 2:26
2 - 41% - 40% - 1:42
PK3 Forward
1 - 0% - 60%
2 - 0% - 40%
PK3 Defense
1 - 0% - 60%
2 - 0% - 40%
44 Forward
1 - 100% - 60% - 4:12
2 - 0% - 40% - 0:00
44 Defense
1 - 57% - 60% - 2:24
2 - 43% - 40% - 1:48
Last Minute Offensive - 0:00
Last Minute Defensive - 0:00
Total
Forward - 64:12
Defense - 64:12
|
Play by Play
1st period
0:01 of 1st period - Lars Eller wins face-off versus Nick Bjugstad in neutral zone.
1:15 of 1st period - Snap shot by Jamie Oleksiak.
1:15 of 1st period - Shot Blocked by Viktor Loov.
1:53 of 1st period - Wrist shot by Philip Larsen.
1:53 of 1st period - Stopped by Malcolm Subban with a rebound.
2:42 of 1st period - Slapshot by Jamie Oleksiak.
2:42 of 1st period - Shot Misses the Net.
3:10 of 1st period - Snap shot by Jamie Oleksiak.
3:10 of 1st period - Deflect By Daniel Zaar.
3:10 of 1st period - Stopped by Joni Ortio with a rebound.
3:59 of 1st period - Icing by Pavel Valentenko.
4:00 of 1st period - Lars Eller wins face-off versus Elias Lindholm in Diables zone.
4:01 of 1st period - Snap shot by Nick Spaling.
4:01 of 1st period - Shot Misses the Net.
4:05 of 1st period - Slapshot by Lars Eller.
4:05 of 1st period - Stopped by Malcolm Subban without a rebound.
4:06 of 1st period - Lars Eller wins face-off versus Nick Bjugstad in Diables zone.
4:15 of 1st period - Wrist shot by Nick Spaling.
4:15 of 1st period - Shot Misses the Net.
4:17 of 1st period - Slapshot by Lars Eller.
4:17 of 1st period - Stopped by Malcolm Subban without a rebound.
4:18 of 1st period - Lars Eller wins face-off versus Michal Repik in Diables zone.
4:21 of 1st period - Snap shot by Nick Spaling.
4:21 of 1st period - Shot Blocked by Carl Gunnarsson.
4:23 of 1st period - Slapshot by Tyler Pitlick.
4:23 of 1st period - Deflect By Lars Eller.
4:23 of 1st period - Stopped by Malcolm Subban without a rebound.
4:24 of 1st period - Lars Eller wins face-off versus Craig Smith in Diables zone.
4:32 of 1st period - Off-side.
4:33 of 1st period - Nick Bjugstad wins face-off versus Corey Trivino in neutral zone.
4:35 of 1st period - Off-side.
4:36 of 1st period - Corey Trivino wins face-off versus Nick Bjugstad in neutral zone.
4:39 of 1st period - Slapshot by Bryan Bickell.
4:39 of 1st period - Stopped by Malcolm Subban with a rebound.
4:41 of 1st period - Wrist shot by Corey Trivino.
4:41 of 1st period - Stopped by Malcolm Subban with a rebound.
4:43 of 1st period - Wrist shot by Bryan Bickell.
4:43 of 1st period - Stopped by Malcolm Subban without a rebound.
4:44 of 1st period - Tim Schaller wins face-off versus Lars Eller in Diables zone.
5:13 of 1st period - Corey Trivino is hit by Nick Bjugstad and loses puck.
5:52 of 1st period - Snap shot by Lars Eller.
5:52 of 1st period - Shot Blocked by Jeff Petry.
7:27 of 1st period - Charles Hudon is hit by Taylor Beck and loses puck.
8:07 of 1st period - Wrist shot by Lars Eller.
8:07 of 1st period - Shot Misses the Net.
8:27 of 1st period - Nick Bjugstad is hit by Charles Hudon and loses puck.
10:12 of 1st period - Wrist shot by Danny Kristo.
10:12 of 1st period - Deflect By Marek Zagrapan.
10:12 of 1st period - Shot Blocked by Carl Gunnarsson.
10:12 of 1st period - Puck is out of play.
10:13 of 1st period - Nick Bjugstad wins face-off versus Marek Zagrapan in Diables zone.
10:17 of 1st period - Off-side.
10:18 of 1st period - Lars Eller wins face-off versus Nick Bjugstad in neutral zone.
10:34 of 1st period - Icing by Carl Gunnarsson.
10:35 of 1st period - Nick Bjugstad wins face-off versus Corey Trivino in Diables zone.
11:11 of 1st period - Snap shot by Marek Zagrapan.
11:11 of 1st period - Shot Misses the Net.
11:19 of 1st period - Wrist shot by Lars Eller.
11:19 of 1st period - Goal by Lars Eller - Diables : 0 - Staline : 1.
11:20 of 1st period - Tim Schaller wins face-off versus Lars Eller in neutral zone.
11:53 of 1st period - Slapshot by Jordan Szwarz.
11:53 of 1st period - Stopped by Malcolm Subban without a rebound.
11:54 of 1st period - Tyler Pitlick wins face-off versus Nick Bjugstad in Diables zone.
12:03 of 1st period - Snap shot by Lars Eller.
12:03 of 1st period - Stopped by Malcolm Subban with a rebound.
12:30 of 1st period - Slapshot by Tim Schaller.
12:30 of 1st period - Shot Blocked by Alex Petrovic.
12:32 of 1st period - Slapshot by Carl Gunnarsson.
12:32 of 1st period - Shot Misses the Net.
12:46 of 1st period - Snap shot by Danny Kristo.
12:46 of 1st period - Goal by Danny Kristo - Diables : 0 - Staline : 2.
12:47 of 1st period - Lars Eller wins face-off versus Tim Schaller in neutral zone.
12:55 of 1st period - Icing by Jeff Petry.
12:56 of 1st period - Tim Schaller wins face-off versus Lars Eller in Diables zone.
13:01 of 1st period - Snap shot by Jordan Caron.
13:01 of 1st period - Shot Misses the Net.
13:43 of 1st period - Snap shot by Lars Eller.
13:43 of 1st period - Shot Misses the Net.
13:45 of 1st period - Slapshot by Alex Petrovic.
13:45 of 1st period - Deflect By Tim Schaller.
13:45 of 1st period - Stopped by Malcolm Subban with a rebound.
13:53 of 1st period - Snap shot by Tyler Pitlick.
13:53 of 1st period - Shot Misses the Net.
13:55 of 1st period - Backhand shot by Nick Spaling.
13:55 of 1st period - Shot Blocked by Tim Schaller.
13:57 of 1st period - Slapshot by Tyler Pitlick.
13:57 of 1st period - Shot Misses the Net.
13:59 of 1st period - Snap shot by Nick Spaling.
13:59 of 1st period - Goal by Nick Spaling - Diables : 0 - Staline : 3.
14:00 of 1st period - Corey Trivino wins face-off versus Nick Bjugstad in neutral zone.
14:02 of 1st period - Off-side.
14:03 of 1st period - Corey Trivino wins face-off versus Nick Bjugstad in neutral zone.
14:16 of 1st period - Wrist shot by Jordan Szwarz.
14:16 of 1st period - Stopped by Malcolm Subban without a rebound.
14:17 of 1st period - Louis Leblanc wins face-off versus Lars Eller in Diables zone.
16:10 of 1st period - Slapshot by Michal Repik.
16:10 of 1st period - Stopped by Joni Ortio without a rebound.
16:11 of 1st period - Nick Bjugstad wins face-off versus Marek Zagrapan in Staline zone.
16:12 of 1st period - Slapshot by Craig Smith.
16:12 of 1st period - Stopped by Joni Ortio with a rebound.
16:14 of 1st period - Wrist shot by Nick Bjugstad.
16:14 of 1st period - Stopped by Joni Ortio without a rebound.
16:15 of 1st period - Marek Zagrapan wins face-off versus Nick Bjugstad in Staline zone.
16:20 of 1st period - Snap shot by Marek Zagrapan.
16:20 of 1st period - Deflect By Danny Kristo.
16:20 of 1st period - Stopped by Malcolm Subban with a rebound.
16:28 of 1st period - Off-side.
16:29 of 1st period - Nick Bjugstad wins face-off versus Corey Trivino in neutral zone.
16:35 of 1st period - Wrist shot by Nick Bjugstad.
16:35 of 1st period - Shot Blocked by Jordan Szwarz.
16:37 of 1st period - Wrist shot by Michal Repik.
16:37 of 1st period - Shot Misses the Net.
16:51 of 1st period - Minor Penalty to Alex Petrovic for Tripping.
16:52 of 1st period - Nick Bjugstad wins face-off versus Corey Trivino in Staline zone.
16:53 of 1st period - Slapshot by Craig Smith.
16:53 of 1st period - Shot Blocked by Cameron Gaunce.
16:55 of 1st period - Backhand shot by Brandon Burlon.
16:55 of 1st period - Stopped by Joni Ortio with a rebound.
16:57 of 1st period - Wrist shot by Nick Bjugstad.
16:57 of 1st period - Stopped by Joni Ortio without a rebound.
16:58 of 1st period - Nick Bjugstad wins face-off versus Corey Trivino in Staline zone.
17:01 of 1st period - Snap shot by Craig Smith.
17:01 of 1st period - Goal by Craig Smith - Diables : 1 - Staline : 3.
17:02 of 1st period - Lars Eller wins face-off versus Nick Bjugstad in neutral zone.
17:11 of 1st period - Wrist shot by Craig Smith.
17:11 of 1st period - Shot Misses the Net.
17:13 of 1st period - Slapshot by Michal Repik.
17:13 of 1st period - Shot Hit the Post.
17:15 of 1st period - Slapshot by Craig Smith.
17:15 of 1st period - Shot Misses the Net.
17:17 of 1st period - Slapshot by Michal Repik.
17:17 of 1st period - Shot Blocked by Cameron Gaunce.
18:17 of 1st period - Michal Repik is hit by Nick Spaling and loses puck.
18:22 of 1st period - Slapshot by Nick Spaling.
18:22 of 1st period - Shot Misses the Net.
18:44 of 1st period - Snap shot by Peter Holland.
18:44 of 1st period - Stopped by Malcolm Subban with a rebound.
18:46 of 1st period - Wrist shot by Peter Holland.
18:46 of 1st period - Stopped by Malcolm Subban without a rebound.
18:47 of 1st period - Corey Trivino wins face-off versus Mikko Lehtonen in Diables zone.
19:02 of 1st period - Snap shot by Jordan Szwarz.
19:02 of 1st period - Shot Misses the Net.
19:35 of 1st period - Brian Dumoulin is hit by Marek Zagrapan and loses puck.
19:58 of 1st period - Slapshot by Daniel Zaar.
19:58 of 1st period - Shot Misses the Net.
Goals for this period are 1 for Diables vs 3 for Staline.
Shots for this period are 7 for Diables vs 17 for Staline.
2nd period
0:01 of 2nd period - Lars Eller wins face-off versus Nick Bjugstad in neutral zone.
0:34 of 2nd period - Bryan Bickell is hit by Jordan Caron and loses puck.
1:52 of 2nd period - Snap shot by Corey Trivino.
1:52 of 2nd period - Goal by Corey Trivino - Diables : 1 - Staline : 4.
1:52 of 2nd period - Garret Sparks enters game.
1:53 of 2nd period - Lars Eller wins face-off versus Nick Bjugstad in neutral zone.
2:07 of 2nd period - Snap shot by Nick Bjugstad.
2:07 of 2nd period - Stopped by Joni Ortio without a rebound.
2:08 of 2nd period - Tim Schaller wins face-off versus Corey Trivino in Staline zone.
2:15 of 2nd period - Wrist shot by Tim Schaller.
2:15 of 2nd period - Stopped by Joni Ortio with a rebound.
2:25 of 2nd period - Corey Trivino is hit by Brian Dumoulin and loses puck.
2:42 of 2nd period - Wrist shot by Nick Bjugstad.
2:42 of 2nd period - Shot Misses the Net.
2:44 of 2nd period - Slapshot by Jeff Petry.
2:44 of 2nd period - Stopped by Joni Ortio without a rebound.
2:45 of 2nd period - Louis Leblanc wins face-off versus Lars Eller in Staline zone.
3:37 of 2nd period - Jordan Caron is hit by Marek Zagrapan and loses puck.
3:44 of 2nd period - Marek Zagrapan is hit by Jamie Oleksiak and loses puck.
3:45 of 2nd period - Marek Zagrapan from Staline is injured at 3:45 of 2nd period (Upper Body).
3:46 of 2nd period - Michal Repik wins face-off versus Lars Eller in Staline zone.
3:47 of 2nd period - Snap shot by Nick Bjugstad.
3:47 of 2nd period - Stopped by Joni Ortio without a rebound.
3:48 of 2nd period - Nick Bjugstad wins face-off versus Lars Eller in Staline zone.
4:15 of 2nd period - Slapshot by Danny Kristo.
4:15 of 2nd period - Stopped by Garret Sparks with a rebound.
4:31 of 2nd period - Slapshot by Craig Smith.
4:31 of 2nd period - Goal by Craig Smith - Diables : 2 - Staline : 4.
4:32 of 2nd period - Lars Eller wins face-off versus Louis Leblanc in neutral zone.
4:47 of 2nd period - Slapshot by Nick Spaling.
4:47 of 2nd period - Shot Misses the Net.
5:07 of 2nd period - Wrist shot by Craig Smith.
5:07 of 2nd period - Stopped by Joni Ortio without a rebound.
5:08 of 2nd period - Nick Bjugstad wins face-off versus Corey Trivino in Staline zone.
5:34 of 2nd period - Wrist shot by Nick Bjugstad.
5:34 of 2nd period - Goal by Nick Bjugstad - Diables : 3 - Staline : 4.
5:35 of 2nd period - Jordan Caron wins face-off versus Lars Eller in neutral zone.
5:37 of 2nd period - Brandon Burlon is hit by Cameron Gaunce and loses puck.
6:01 of 2nd period - Tim Schaller is hit by Jiri Sekac and loses puck.
7:12 of 2nd period - Wrist shot by Danny Kristo.
7:12 of 2nd period - Goal by Danny Kristo - Diables : 3 - Staline : 5.
7:13 of 2nd period - Bryan Bickell wins face-off versus Nick Bjugstad in neutral zone.
7:21 of 2nd period - Alex Petrovic is hit by Pavel Valentenko and loses puck.
7:39 of 2nd period - Jordan Caron is hit by Lars Eller and loses puck.
7:46 of 2nd period - Snap shot by Tyler Pitlick.
7:46 of 2nd period - Shot Blocked by Tim Schaller.
7:48 of 2nd period - Wrist shot by Tyler Pitlick.
7:48 of 2nd period - Shot Misses the Net.
8:24 of 2nd period - Snap shot by Elias Lindholm.
8:24 of 2nd period - Stopped by Joni Ortio with a rebound.
8:51 of 2nd period - Minor Penalty to Nick Spaling for Hooking.
8:52 of 2nd period - Corey Trivino wins face-off versus Nick Bjugstad in Staline zone.
9:06 of 2nd period - Slapshot by Nick Bjugstad.
9:06 of 2nd period - Shot Misses the Net.
9:08 of 2nd period - Slapshot by Carl Gunnarsson.
9:08 of 2nd period - Stopped by Joni Ortio with a rebound.
9:53 of 2nd period - Jiri Sekac is hit by Taylor Beck and loses puck.
10:19 of 2nd period - Icing by Craig Smith.
10:20 of 2nd period - Nick Bjugstad wins face-off versus Danny Kristo in Diables zone.
10:38 of 2nd period - Icing by Taylor Beck.
10:39 of 2nd period - Tim Schaller wins face-off versus Corey Trivino in Diables zone.
10:51 of 2nd period - Penalty to Nick Spaling is over, Nick Spaling is back on ice.
11:05 of 2nd period - Wrist shot by Nick Spaling.
11:05 of 2nd period - Shot Misses the Net.
11:11 of 2nd period - Wrist shot by Nick Spaling.
11:11 of 2nd period - Stopped by Garret Sparks with a rebound.
11:13 of 2nd period - Wrist shot by Jiri Sekac.
11:13 of 2nd period - Shot Misses the Net.
11:15 of 2nd period - Snap shot by Nick Spaling.
11:15 of 2nd period - Goal by Nick Spaling - Diables : 3 - Staline : 6.
11:16 of 2nd period - Lars Eller wins face-off versus Nick Bjugstad in neutral zone.
11:28 of 2nd period - Snap shot by Nick Bjugstad.
11:28 of 2nd period - Stopped by Joni Ortio with a rebound.
11:30 of 2nd period - Slapshot by Jeff Petry.
11:30 of 2nd period - Shot Blocked by Alex Petrovic.
11:32 of 2nd period - Slapshot by Brian Dumoulin.
11:32 of 2nd period - Stopped by Joni Ortio without a rebound.
11:33 of 2nd period - Corey Trivino wins face-off versus Tim Schaller in Staline zone.
11:33 of 2nd period - Corey Trivino is hit by Carl Gunnarsson.
12:08 of 2nd period - Slapshot by Nick Bjugstad.
12:08 of 2nd period - Stopped by Joni Ortio with a rebound.
12:26 of 2nd period - Jiri Sekac is hit by Artturi Lehkonen and loses puck.
12:43 of 2nd period - Wrist shot by Jiri Sekac.
12:43 of 2nd period - Shot Misses the Net.
12:45 of 2nd period - Slapshot by Alex Petrovic.
12:45 of 2nd period - Shot Misses the Net.
13:08 of 2nd period - Icing by Mike Reilly.
13:09 of 2nd period - Tim Schaller wins face-off versus Corey Trivino in Staline zone.
13:12 of 2nd period - Wrist shot by Taylor Beck.
13:12 of 2nd period - Stopped by Joni Ortio with a rebound.
13:14 of 2nd period - Wrist shot by Tim Schaller.
13:14 of 2nd period - Deflect By Taylor Beck.
13:14 of 2nd period - Shot Blocked by Mike Reilly.
13:14 of 2nd period - Puck is out of play.
13:15 of 2nd period - Lars Eller wins face-off versus Craig Smith in Staline zone.
13:29 of 2nd period - Philip Larsen is hit by Brandon Burlon.
13:43 of 2nd period - Wrist shot by Tim Schaller.
13:43 of 2nd period - Goal by Tim Schaller - Diables : 4 - Staline : 6.
13:44 of 2nd period - Nick Bjugstad wins face-off versus Corey Trivino in neutral zone.
14:09 of 2nd period - Nick Spaling is hit by Tim Schaller and loses puck.
14:16 of 2nd period - Snap shot by Jordan Caron.
14:16 of 2nd period - Stopped by Joni Ortio without a rebound.
14:17 of 2nd period - Nick Bjugstad wins face-off versus Lars Eller in Staline zone.
14:35 of 2nd period - Minor Penalty to Brandon Burlon for Hooking.
14:36 of 2nd period - Lars Eller wins face-off versus Michal Repik in Diables zone.
15:06 of 2nd period - Jamie Oleksiak is hit by Cameron Gaunce and loses puck.
16:35 of 2nd period - Penalty to Brandon Burlon is over, Brandon Burlon is back on ice.
17:14 of 2nd period - Wrist shot by Taylor Beck.
17:14 of 2nd period - Stopped by Joni Ortio with a rebound.
18:51 of 2nd period - Chris Bigras is hit by Barclay Goodrow and loses puck.
19:14 of 2nd period - Michal Repik is hit by Barclay Goodrow and loses puck.
19:31 of 2nd period - Jiri Sekac is hit by Carl Gunnarsson and loses puck.
19:58 of 2nd period - Craig Smith is hit by Barclay Goodrow and loses puck.
Goals for this period are 3 for Diables vs 3 for Staline.
Shots for this period are 16 for Diables vs 5 for Staline.
3rd period
0:01 of 3rd period - Bryan Bickell wins face-off versus Taylor Beck in neutral zone.
0:26 of 3rd period - Cameron Gaunce is hit by Craig Smith and loses puck.
0:47 of 3rd period - Snap shot by Jordan Szwarz.
0:47 of 3rd period - Shot Hit the Post.
0:49 of 3rd period - Slapshot by Philip Larsen.
0:49 of 3rd period - Stopped by Garret Sparks with a rebound.
1:01 of 3rd period - Artturi Lehkonen is hit by Andrey Pedan and loses puck.
1:44 of 3rd period - Brian Dumoulin is hit by Bryan Bickell.
2:00 of 3rd period - Snap shot by Craig Smith.
2:00 of 3rd period - Shot Misses the Net.
2:02 of 3rd period - Wrist shot by Louis Leblanc.
2:02 of 3rd period - Shot Blocked by Alex Petrovic.
2:04 of 3rd period - Snap shot by Mikko Lehtonen.
2:04 of 3rd period - Deflect By Louis Leblanc.
2:04 of 3rd period - Shot Misses the Net.
2:04 of 3rd period - Puck is out of play.
2:05 of 3rd period - Jordan Caron wins face-off versus Lars Eller in Staline zone.
2:20 of 3rd period - Wrist shot by Tim Schaller.
2:20 of 3rd period - Goal by Tim Schaller - Diables : 5 - Staline : 6.
2:21 of 3rd period - Corey Trivino wins face-off versus Tim Schaller in neutral zone.
2:26 of 3rd period - Taylor Beck is hit by Bryan Bickell and loses puck.
2:39 of 3rd period - Jordan Szwarz is hit by Taylor Beck and loses puck.
3:00 of 3rd period - Snap shot by Craig Smith.
3:00 of 3rd period - Stopped by Joni Ortio with a rebound.
3:02 of 3rd period - Slapshot by Michal Repik.
3:02 of 3rd period - Stopped by Joni Ortio without a rebound.
3:03 of 3rd period - Nick Bjugstad wins face-off versus Jordan Szwarz in Staline zone.
3:11 of 3rd period - Slapshot by Nick Bjugstad.
3:11 of 3rd period - Goal by Nick Bjugstad - Diables : 6 - Staline : 6.
3:12 of 3rd period - Corey Trivino wins face-off versus Tim Schaller in neutral zone.
3:37 of 3rd period - Minor Penalty to Lars Eller for Holding.
3:38 of 3rd period - Nick Bjugstad wins face-off versus Corey Trivino in Staline zone.
3:40 of 3rd period - Snap shot by Nick Bjugstad.
3:40 of 3rd period - Stopped by Joni Ortio with a rebound.
3:42 of 3rd period - Snap shot by Craig Smith.
3:42 of 3rd period - Shot Blocked by Corey Trivino.
5:37 of 3rd period - Penalty to Lars Eller is over, Lars Eller is back on ice.
5:48 of 3rd period - Carl Gunnarsson is hit by Jiri Sekac.
6:20 of 3rd period - Slapshot by Philip Larsen.
6:20 of 3rd period - Stopped by Garret Sparks with a rebound.
7:07 of 3rd period - Keith Seabrook is hit by Peter Holland and loses puck.
7:26 of 3rd period - Nick Bjugstad is hit by Andrey Pedan and loses puck.
8:50 of 3rd period - Mikko Lehtonen is hit by Bryan Bickell and loses puck.
9:21 of 3rd period - Philip Larsen is hit by Artturi Lehkonen and loses puck.
9:36 of 3rd period - Jeff Petry is hit by Philip Larsen and loses puck.
9:52 of 3rd period - Icing by Jeff Petry.
9:53 of 3rd period - Louis Leblanc wins face-off versus Peter Holland in Diables zone.
10:00 of 3rd period - Louis Leblanc is hit by Mike Reilly and loses puck.
10:29 of 3rd period - Brandon Burlon is hit by Lars Eller and loses puck.
11:15 of 3rd period - Wrist shot by Daniel Zaar.
11:15 of 3rd period - Stopped by Joni Ortio without a rebound.
11:16 of 3rd period - Peter Holland wins face-off versus Michal Repik in Staline zone.
11:22 of 3rd period - Off-side.
11:23 of 3rd period - Jiri Sekac wins face-off versus Nick Bjugstad in neutral zone.
12:15 of 3rd period - Slapshot by Artturi Lehkonen.
12:15 of 3rd period - Shot Blocked by Corey Trivino.
12:17 of 3rd period - Backhand shot by Daniel Zaar.
12:17 of 3rd period - Shot Misses the Net.
12:29 of 3rd period - Louis Leblanc is hit by Cameron Gaunce and loses puck.
12:50 of 3rd period - Wrist shot by Nick Bjugstad.
12:50 of 3rd period - Stopped by Joni Ortio with a rebound.
12:52 of 3rd period - Slapshot by Jamie Oleksiak.
12:52 of 3rd period - Deflect By Michal Repik.
12:52 of 3rd period - Stopped by Joni Ortio with a rebound.
13:04 of 3rd period - Brian Dumoulin is hit by Peter Holland and loses puck.
13:11 of 3rd period - Slapshot by Tim Schaller.
13:11 of 3rd period - Shot Misses the Net.
13:29 of 3rd period - Snap shot by Jordan Szwarz.
13:29 of 3rd period - Stopped by Garret Sparks with a rebound.
13:31 of 3rd period - Slapshot by Philip Larsen.
13:31 of 3rd period - Stopped by Garret Sparks with a rebound.
13:33 of 3rd period - Slapshot by Philip Larsen.
13:33 of 3rd period - Stopped by Garret Sparks without a rebound.
13:34 of 3rd period - Nick Bjugstad wins face-off versus Corey Trivino in Diables zone.
13:43 of 3rd period - Icing by Alex Petrovic.
13:44 of 3rd period - Corey Trivino wins face-off versus Nick Bjugstad in Staline zone.
13:53 of 3rd period - Jordan Szwarz is hit by Nick Bjugstad and loses puck.
14:32 of 3rd period - Snap shot by Nick Bjugstad.
14:32 of 3rd period - Shot Blocked by Bryan Bickell.
14:34 of 3rd period - Wrist shot by Nick Bjugstad.
14:34 of 3rd period - Stopped by Joni Ortio without a rebound.
14:35 of 3rd period - Tim Schaller wins face-off versus Lars Eller in Staline zone.
14:41 of 3rd period - Icing by Lars Eller.
14:42 of 3rd period - Tyler Pitlick wins face-off versus Tim Schaller in Staline zone.
14:57 of 3rd period - Slapshot by Jordan Caron.
14:57 of 3rd period - Shot Misses the Net.
15:21 of 3rd period - Charles Hudon is hit by Louis Leblanc and loses puck.
15:28 of 3rd period - Slapshot by Philip Larsen.
15:28 of 3rd period - Stopped by Garret Sparks with a rebound.
15:44 of 3rd period - Slapshot by Brandon Burlon.
15:44 of 3rd period - Stopped by Joni Ortio with a rebound.
16:00 of 3rd period - Jeff Petry is hit by Peter Holland and loses puck.
16:31 of 3rd period - Minor Penalty to Pavel Valentenko for Tripping.
16:32 of 3rd period - Lars Eller wins face-off versus Michal Repik in Diables zone.
18:31 of 3rd period - Penalty to Pavel Valentenko is over, Pavel Valentenko is back on ice.
18:32 of 3rd period - Carl Gunnarsson is hit by Jiri Sekac and loses puck.
18:59 of 3rd period - Jordan Szwarz is hit by Taylor Beck.
19:21 of 3rd period - Icing by Mike Reilly.
19:22 of 3rd period - Lars Eller wins face-off versus Nick Bjugstad in Staline zone.
19:57 of 3rd period - Danny Kristo is hit by Nick Bjugstad and loses puck.
Goals for this period are 2 for Diables vs 0 for Staline.
Shots for this period are 10 for Diables vs 6 for Staline.
Overtime #1
0:01 of 1st overtime period - Danny Kristo wins face-off versus Tim Schaller in neutral zone.
0:04 of 1st overtime period - Carl Gunnarsson is hit by Danny Kristo and loses puck.
0:46 of 1st overtime period - Slapshot by Bryan Bickell.
0:46 of 1st overtime period - Shot Misses the Net.
0:48 of 1st overtime period - Snap shot by Mike Reilly.
0:48 of 1st overtime period - Stopped by Garret Sparks without a rebound.
0:49 of 1st overtime period - Danny Kristo wins face-off versus Tim Schaller in Diables zone.
1:23 of 1st overtime period - Icing by Nick Bjugstad.
1:24 of 1st overtime period - Peter Holland wins face-off versus Nick Bjugstad in Diables zone.
2:59 of 1st overtime period - Cameron Gaunce is hit by Michal Repik and loses puck.
3:35 of 1st overtime period - Mike Reilly is hit by Brian Dumoulin and loses puck.
4:12 of 1st overtime period - Wrist shot by Artturi Lehkonen.
4:12 of 1st overtime period - Goal by Artturi Lehkonen - Diables : 7 - Staline : 6.
Goals for this period are 1 for Diables vs 0 for Staline.
Shots for this period are 1 for Diables vs 1 for Staline.
Back to the Top